 Dungeon Crawl Stone Soup version 0.21.1-1-g345015f (webtiles) character file.

272 tidbits the Insei (level 6, -6/47 HPs)
             Began as a Gnoll Transmuter on Mar 20, 2018.
             Mangled by an orc priest
             ... wielding a +0 flail
              (8 damage)
             ... on level 4 of the Dungeon.
             The game lasted 00:05:40 (633 turns).

tidbits the Insei (Gnoll Transmuter)                 Turns: 633, Time: 00:05:41

Health: -6/47      AC:  3    Str: 17    XL:     6   Next: 23%
Magic:  2/13       EV: 15    Int: 17    God:
Gold:   106        SH:  3    Dex: 15    Spells: 5/15 levels left

rFire    . . .     SeeInvis .     - Unarmed
rCold    . . .     Gourm    .   (no shield)
rNeg     . . .     Faith    .   b - +0 robe
rPois    .         Spirit   .   (no helmet)
rElec    .         Reflect  +   C - +0 cloak (curse)
rCorr    .         Harm     .   (no gloves)
MR       .....                  (no boots)
Stlth    ++........             g - +3 amulet of reflection
HPRegen  0.15/turn              p - +4 ring of strength
MPRegen  0.13/turn              (no ring)

@: appendage, hasted, very quick
A: distributed training, fangs 1, horns 2, strong nose
a: End Transformation


You were on level 4 of the Dungeon.
You were not hungry.
You had grown temporary horns.
You visited 1 branch of the dungeon, and saw 4 of its levels.

You collected 106 gold pieces.

Inventory:

Hand Weapons
 l - a +0 dagger
 o - a +0 war axe
Missiles
 a - 34 arrows
Armour
 b - a +0 robe (worn)
 e - a +0 ring mail
 C - a cursed +0 cloak (worn)
Jewellery
 g - a +3 amulet of reflection (around neck)
   (You found it on level 3 of the Dungeon)
 p - a +4 ring of strength (left hand)
   (You found it on level 3 of the Dungeon)
Wands
 k - a wand of iceblast (5)
Scrolls
 f - a scroll of identify {unknown}
 j - a scroll of fear {unknown}
 n - a scroll of teleportation {unknown}
Books
 c - a book of Changes

   Spells                             Type                      Level
   a - Beastly Appendage              Transmutation                1
   b - Sticks to Snakes               Transmutation                2
   c - Spider Form                    Transmutation/Poison         3
   d - Ice Form                       Ice/Transmutation            4
   e - Blade Hands                    Transmutation                5
Comestibles
 d - 3 rations


   Skills:
 + Level 3.1 Fighting
 + Level 1.8 Short Blades
 + Level 1.8 Long Blades
 + Level 1.8 Axes
 + Level 1.8 Maces & Flails
 + Level 1.8 Polearms
 + Level 1.8 Staves
 + Level 1.8 Slings
 + Level 1.8 Bows
 + Level 1.8 Crossbows
 + Level 1.8 Throwing
 + Level 1.8 Armour
 + Level 4.9 Dodging
 + Level 1.8 Stealth
 + Level 1.8 Shields
 + Level 6.8 Unarmed Combat
 + Level 5.3 Spellcasting
 + Level 1.4 Conjurations
 + Level 1.4 Hexes
 + Level 1.4 Charms
 + Level 1.4 Summonings
 + Level 1.4 Necromancy
 + Level 1.4 Translocations
 + Level 4.0 Transmutations
 + Level 1.4 Fire Magic
 + Level 1.4 Ice Magic
 + Level 1.4 Air Magic
 + Level 1.4 Earth Magic
 + Level 1.4 Poison Magic
 + Level 2.0 Invocations
 + Level 1.8 Evocations


You had 5 spell levels left.
You knew the following spells:

 Your Spells              Type           Power        Failure   Level  Hunger
e - Beastly Appendage     Tmut           ###...       2%          1    None
i - Ice Form              Ice/Tmut       ##......     41%         4    ####...
k - Sticks to Snakes      Tmut           ###.....     3%          2    #......
p - Spider Form           Tmut/Pois      ##........   13%         3    ##.....


Dungeon Overview and Level Annotations

Branches:
Dungeon (4/15)
 Temple: D:4-7

Altars:

Annotations:
D:3 Natasha


Innate Abilities, Weirdness & Mutations

Your experience applies equally to all skills.
You have very sharp teeth.
Your uncanny sense of smell can sniff out nearby items.
You have a pair of horns on your head.


Message History

The adder is almost dead.
The iceblast engulfs the jackal.
You kill the jackal!
The iceblast engulfs the orc priest.
You kill the orc priest!
You have reached level 6!
Your experience leads to an increase in your attributes!
Your base attributes are Str 13, Int 16, Dex 15.
Increase (S)trength, (I)ntelligence, or (D)exterity?
You feel clever.
The jackal barks!
You hear a bark!
You hear a shout! x3
The orc wizard hits you but does no damage.
The adder bites you.
* * * LOW HITPOINT WARNING * * *
Unknown command.
You punch the orc wizard!
You kill the orc wizard!
Your Invocations skill increases to level 2!
The adder bites you.
* * * LOW HITPOINT WARNING * * *
Unknown command.
You closely miss the adder.
You kill the adder!
A jackal comes into view.
Casting: Beastly Appendage
Confirm with . or Enter, or press ? or * to list all spells.
You extend your transformation's duration.
You block the jackal's attack.
You barely miss the jackal. The jackal bites you.
* * * LOW HITPOINT WARNING * * *
You barely miss the jackal. Your bite misses the jackal.
The jackal closely misses you.
It was a potion of curing.
You feel better. The jackal completely misses you.
The jackal closely misses you.
Unknown command.
You closely miss the jackal. Your punch misses the jackal.
Your bite misses the jackal.
The jackal bites you but does no damage.
You block the jackal's attack. The jackal misses you. x2
You hit the jackal.
The jackal is moderately wounded.
The jackal bites you but does no damage.
The jackal barely misses you.
You barely miss the jackal. Your headbutt misses the jackal.
The jackal is moderately wounded.
You block the jackal's attack. The jackal misses you.
Your magical contamination has completely faded away.
You punch the jackal!
You kill the jackal!
You block the jackal's attack.
A hound skeleton comes into view.
You hit the jackal but do no damage. Your bite misses the jackal.
The jackal misses you.
You completely miss the jackal. Your headbutt misses the jackal.
The jackal closely misses you. The jackal barely misses you.
You hit the jackal. Your headbutt misses the jackal.
The jackal is lightly wounded.
The jackal bites you.
* * * LOW HITPOINT WARNING * * *
An orc priest comes into view. It is wielding a flail.
It was a potion of haste.
You feel yourself speed up. The jackal misses you.
Unknown command.
You closely miss the jackal.
The orc priest shouts!
Your headbutt misses the jackal.
You hear a shout!
The jackal misses you. The hound skeleton bites you.
* * * LOW HITPOINT WARNING * * *
You closely miss the jackal.
You kill the jackal!
The hound skeleton barely misses you.
You hit the hound skeleton.
The hound skeleton is moderately damaged.
You hit the hound skeleton but do no damage.
You bite the hound skeleton, but do no damage.
The hound skeleton is moderately damaged.
The hound skeleton bites you but does no damage.
The orc priest looks satisfied for a moment.
You barely miss the hound skeleton. You headbutt the hound skeleton.
The hound skeleton is moderately damaged.
The hound skeleton closely misses you.
An orc comes into view. It is wielding a dagger.
You hit the hound skeleton.
The hound skeleton is heavily damaged.
The hound skeleton bites you.
* * * LOW HITPOINT WARNING * * *
An orc comes into view. It is wielding a mace.
You barely miss the hound skeleton.
The hound skeleton is heavily damaged.
The hound skeleton barely misses you.
Unknown command.
You hit the orc priest but do no damage.
You headbutt the orc priest, but do no damage.
The orc moves out of view.
The orc priest hits you with a flail.
* * * LOW HITPOINT WARNING * * *
You closely miss the orc priest. The hound skeleton misses you.
You hit the orc priest. You headbutt the orc priest! You bite the orc priest.
The orc priest is almost dead.
You block the hound skeleton's attack. The orc priest hits you with a flail!
You die...

## ..#####.. ....?....
#........ #####
#........ #. #@o†#
#........ ..
#Z).####........
#.#<.)..o.........
#.#........<.......
.#.......o.<.......
...........##........
.........#.........#.
.....)....##...#......
........... ...#....|.


You could see an orc priest, 2 orcs and a hound skeleton.

Vanquished Creatures
  A howler monkey (D:4)
  A hound (D:4)
  An orc wizard (D:4)
  2 orc priests
  Natasha (D:3)
  5 adders
  An ooze (D:2)
  2 worms
  A dart slug (D:1)
  A leopard gecko (D:2)
  3 orcs
  A bat (D:2)
  2 giant cockroaches
  A goblin (D:2)
  3 hobgoblins
  7 jackals
  2 kobolds (D:2)
  2 quokkas
  2 frilled lizards
  2 rats
41 creatures vanquished.

Notes
Turn   | Place    | Note
-------+----------+-------------------------------------------
     0 | D:1      | tidbits the Gnoll Transmuter began the quest for the Orb.
     0 | D:1      | Reached XP level 1. HP: 17/17 MP: 6/6
    98 | D:2      | Reached XP level 2. HP: 23/23 MP: 5/7
   103 | D:2      | Learned a level 2 spell: Sticks to Snakes
   300 | D:2      | Reached XP level 3. HP: 23/28 MP: 5/9
   305 | D:2      | Learned a level 3 spell: Spider Form
   320 | D:2      | Reached skill level 5 in Spellcasting
   326 | D:3      | Noticed Natasha
   332 | D:3      | Killed Natasha
   332 | D:3      | Reached skill level 1 in Short Blades
   332 | D:3      | Reached skill level 1 in Long Blades
   332 | D:3      | Reached skill level 1 in Axes
   332 | D:3      | Reached skill level 1 in Maces & Flails
   332 | D:3      | Reached skill level 1 in Polearms
   332 | D:3      | Reached skill level 1 in Staves
   332 | D:3      | Reached skill level 1 in Slings
   332 | D:3      | Reached skill level 1 in Bows
   332 | D:3      | Reached skill level 1 in Crossbows
   332 | D:3      | Reached skill level 1 in Throwing
   332 | D:3      | Reached skill level 1 in Armour
   332 | D:3      | Reached skill level 1 in Stealth
   332 | D:3      | Reached skill level 1 in Shields
   332 | D:3      | Reached skill level 1 in Invocations
   332 | D:3      | Reached skill level 1 in Evocations
   332 | D:3      | Reached XP level 4. HP: 19/34 MP: 7/11
   467 | D:2      | Learned a level 4 spell: Ice Form
   537 | D:3      | Reached skill level 1 in Conjurations
   537 | D:3      | Reached skill level 1 in Hexes
   537 | D:3      | Reached skill level 1 in Charms
   537 | D:3      | Reached skill level 1 in Summonings
   537 | D:3      | Reached skill level 1 in Necromancy
   537 | D:3      | Reached skill level 1 in Translocations
   537 | D:3      | Reached skill level 1 in Fire Magic
   537 | D:3      | Reached skill level 1 in Ice Magic
   537 | D:3      | Reached skill level 1 in Air Magic
   537 | D:3      | Reached skill level 1 in Earth Magic
   537 | D:3      | Reached skill level 1 in Poison Magic
   541 | D:3      | Reached XP level 5. HP: 11/40 MP: 2/12
   578 | D:3      | Noticed a phantom
   578 | D:3      | Noticed a sky beast
   579 | D:3      | Noticed Natasha
   602 | D:4      | Reached skill level 3 in Fighting
   609 | D:4      | Reached skill level 4 in Transmutations
   609 | D:4      | Reached XP level 6. HP: 9/47 MP: 0/13
   610 | D:4      | Reached skill level 2 in Invocations
   610 | D:4      | HP: 4/47 [adder (3)]
   631 | D:4      | HP: 2/47 [orc priest/flail (4)]
   633 | D:4      | Mangled by an orc priest

Skill      XL: |  1  2  3  4  5  6 |
---------------+-------------------+-----
Spellcasting   | 5 |  5.3
Short Blades   | 1 |  1.8
Long Blades    | 1 |  1.8
Axes           | 1 |  1.8
Maces & Flails | 1 |  1.8
Polearms       | 1 |  1.8
Staves         | 1 |  1.8
Slings         | 1 |  1.8
Bows           | 1 |  1.8
Crossbows      | 1 |  1.8
Throwing       | 1 |  1.8
Armour         | 1 |  1.8
Stealth        | 1 |  1.8
Shields        | 1 |  1.8
Invocations    | 1 2 |  2.0
Evocations     | 1 |  1.8
Conjurations   | 1 |  1.4
Hexes          | 1 |  1.4
Charms         | 1 |  1.4
Summonings     | 1 |  1.4
Necromancy     | 1 |  1.4
Translocations | 1 |  1.4
Fire Magic     | 1 |  1.4
Ice Magic      | 1 |  1.4
Air Magic      | 1 |  1.4
Earth Magic    | 1 |  1.4
Poison Magic   | 1 |  1.4
Fighting       | 3 |  3.1
Transmutations | 4 |  4.0
Dodging        | |  4.9
Unarmed Combat | |  6.8

Action                   |  1- 3 |  4- 6 || total
-------------------------+-------+-------++-------
Melee: Unarmed           |    40 |    74 ||   114
       Kick              |     5 |     1 ||     6
       Bite              |     3 |     5 ||     8
       Headbutt          |     1 |     6 ||     7
 Cast: Beastly Appendage |     7 |     7 ||    14
       Sticks to Snakes  |     2 |     2 ||     4
       Spider Form       |     1 |     5 ||     6
Evoke: Wand              |       |     1 ||     1
  Use: Potion            |       |     4 ||     4
 Stab: Distracted        |       |     1 ||     1
Armor: Robe              |     8 |     7 ||    15
       Skin              |       |     1 ||     1
Dodge: Dodged            |    20 |    88 ||   108
Block: Other             |     3 |    12 ||    15
       Reflection        |     1 |       ||     1

Table legend:
 A = Turns spent in this place as a percentage of turns spent in the entire game.
 B = Non-inter-level travel turns spent in this place as a percentage of non-inter-level travel turns spent in the entire game.
 C = Inter-level travel turns spent in this place as a percentage of turns spent in this place.
 D = Turns resting spent in this place as a percentage of non-inter-level travel turns spent in this place.
 E = Turns spent auto-exploring this place as a percentage of non-inter-level travel turns spent in this place.
 F = Non-inter-level travel turns spent in this place divided by the number of levels of this place that you've seen.
                   A       B       C       D       E      F
               +-------+-------+-------+-------+-------+----------------------
         Total | 100.0 | 100.0 |   0.0 |   0.0 |   0.0 | 158.2
       Dungeon | 100.0 | 100.0 |   0.0 |   0.0 |   0.0 | 158.2
               +-------+-------+-------+-------+-------+----------------------

Table legend:
 A = Kills in this place as a percentage of kills in entire the game.
 B = Kills by you in this place as a percentage of kills by you in the entire game.
 C = Kills by friends in this place as a percentage of kills by friends in the entire game.
 D = Other kills in this place as a percentage of other kills in the entire game.
 E = Experience gained in this place as a percentage of experience gained in the entire game.
 F = Experience gained in this place divided by the number of levels of this place that you have seen.
                   A       B       C       D       E      F
               +-------+-------+-------+-------+-------+----------------------
         Total | 100.0 | 100.0 |   N/A |   N/A | 100.0 |  97.2
       Dungeon | 100.0 | 100.0 |   N/A |   N/A | 100.0 |  97.2
               +-------+-------+-------+-------+-------+----------------------

Vault maps used:
D:1:      lemuel_arrival_river_ford, nrook_mini_backslash
D:2:      wad_lake_hut, first_ration
D:3:      chequers_ecumenical_altar_simple_redux, corner_web_ring, uniq_natasha
D:4:      kennysheep_decorative_pillar
